Unix NetHack Version 3.7.0-102 Work-in-progress - last build Apr 7 2024 00:22:53 (d302a6a9ff6341f1a922d8f5af178406b35fdf99,branch:master). Game began 2024-04-07 17:11:16, ended 2024-04-20 20:23:04. Ted, lawful male dwarven Caveman ---- ..| -.Q| |.A| |..| 5|..| |.@| | 25|..| |. ----+----&@| 5 4 |........a@...| 4 5 ---...Aa@...--- -----%----- 5 ..%.% ----- ...1. 1 .....| .4.4 3 5 -...-- ..3.. 1 4 |....-- ..%.. ---..%----%--- 2 |..../.%.... ------------ Ted the Roamer St:25 Dx:19 Co:20 In:18 Wi:20 Ch:12 Lawful S:1607640 Astral Plane $:0 HP:0(394) Pw:26(26) AC:-31 Xp:20/5132066 T:49779 TermIll Fly Latest messages: What do you want to use or apply? [abghjnpquvxyEFILQR or ?*] h You have a little trouble removing a potion of extra healing. Continue? [ynq] (q) q What do you want to put on? [bozP or ?*] ? Never mind. What do you want to zap? [npvxEIQR or ?*] ? In what direction? l The priest of Ishtar vanishes! The fire ant misses! The fire ant misses! You hear a chugging sound. You hear a chugging sound. The Angel of Anshar points at you, then curses. The Angel of Anshar points at you, then curses. The priest of Anshar swings his mace. The priest of Anshar misses! The priest of Anshar misses! The priest of Anshar casts a spell at you! A pillar of fire strikes all around you! You hear a crunching sound. The fire ant snaps wildly and misses! You hear a chugging sound. You hear a chugging sound. The Angel of Anshar points at you, then curses. The Angel of Anshar points at you, then curses. The fire ant snaps wildly and misses! What do you want to put on? [bozP or ?*] ? o - an uncursed ring of regeneration (on left hand). Pestilence moves the fire ant out of the way! Kevin the invisible Spelunker drinks a potion of speed! Kevin the invisible Spelunker is suddenly moving faster. Pestilence moves the priest of Ishtar out of the way! Kevin the invisible Spelunker zaps a wand of striking! Boing! The Angel of Ishtar points at you, then curses. The Angel of Anshar points at you, then curses. You hear a chugging sound. What do you want to zap? [npvxEIQR or ?*] ? In what direction? h The death ray misses Pestilence. The death ray bounces! The death ray misses Pestilence. The death ray whizzes by you! The death ray bounces! The death ray hits you! But it reflects from your shield! Pestilence misses! Pestilence reaches out, and you feel fever and chills. You feel deathly sick. You die... Do you want your possessions identified? [ynq] (y) q Inventory: Amulets K - a cursed amulet of flying (being worn) z - an uncursed amulet of life saving P - the Amulet of Yendor Weapons w - the blessed +6 Grayswandir (weapon in right hand) D - the blessed greased +7 Sceptre of Might (alternate weapon; not wielded) Armor H - a blessed +4 helm of brilliance (being worn) G - a blessed greased rustproof +3 pair of gauntlets of power (being worn) B - a blessed greased fireproof +2 pair of speed boots (being worn) S - a blessed greased +3 shield of reflection (being worn) C - an uncursed greased fireproof +1 cloak of invisibility (being worn) A - a blessed +5 gray dragon scale mail (being worn) Comestibles X - an uncursed food ration r - 2 blessed homemade tins of blue dragon meat Y - a blessed homemade tin of gold dragon meat Potions O - a cursed potion of sickness Rings o - an uncursed ring of regeneration (on left hand) k - an uncursed ring of shock resistance (on right hand) Wands p - a wand of cancellation (0:6) x - a wand of death (0:3) Q - a wand of death (0:1) I - a wand of digging (0:3) E - a wand of enlightenment (2:4) R - a wand of fire (0:0) v - a wand of striking (0:4) n - a wand of teleportation (0:3) Tools h - a blessed bag of holding containing 92 items j - an uncursed sack containing 1 item b - an uncursed blindfold q - an uncursed magic whistle y - a cursed oil lamp (lit) L - a cursed skeleton key a - an uncursed stethoscope g - an uncursed tin opener F - a blessed tinning kit (0:39) u - a blessed +0 unicorn horn Gems/Stones i - 3 uncursed rubies J - an uncursed luckstone Contents of the bag of holding: 6846 gold pieces an uncursed amulet of life saving an uncursed amulet of life saving an uncursed amulet of magical breathing an uncursed amulet of reflection a blessed amulet versus poison 32 +6 silver arrows a +1 bow an uncursed +0 pair of jumping boots an uncursed +0 pair of levitation boots an uncursed -2 cloak of displacement a blessed +1 cloak of protection an uncursed +0 Hawaiian shirt with a hibiscus flower motif an uncursed carrot 9 uncursed food rations 2 uncursed sprigs of wolfsbane a blessed tin of Chromatic Dragon meat 5 uncursed lizard corpses a blessed scroll of amnesia 3 uncursed scrolls of create monster an uncursed scroll of destroy armor 3 uncursed scrolls of enchant weapon a blessed scroll of genocide a blessed scroll of gold detection 2 uncursed scrolls of gold detection 2 uncursed scrolls of light 7 uncursed scrolls of remove curse a blessed scroll of teleportation 11 uncursed scrolls of teleportation a cursed scroll of teleportation an uncursed potion of oil an uncursed potion of booze an uncursed potion of extra healing a blessed potion of gain energy an uncursed potion of object detection 2 blessed potions of restore ability 2 uncursed potions of restore ability 4 potions of holy water 2 uncursed potions of water an uncursed ring of conflict a cursed -1 ring of gain constitution an uncursed -1 ring of increase accuracy an uncursed +1 ring of increase damage a cursed -2 ring of increase damage an uncursed ring of invisibility an uncursed ring of levitation an uncursed ring of levitation an uncursed ring of polymorph an uncursed ring of polymorph control an uncursed ring of sustain ability an uncursed ring of teleportation a wand of slow monster (0:4) a wand of slow monster (4:5) a wand of create monster (0:13) a wand of create monster (0:4) a wand of create monster (0:13) a wand of create monster (0:15) a wand of death (0:0) a wand of death (0:0) a wand of digging (0:3) a wand of digging (0:0) a cursed wand of digging (0:7) a wand of digging (0:8) a wand of digging (0:3) a wand of digging (0:5) a wand of digging (0:6) a wand of enlightenment (1:3) a wand of fire (0:4) a wand of fire (0:0) a wand of fire (0:0) a wand of lightning (0:3) a wand of magic missile (0:5) a wand of magic missile (0:0) a wand of magic missile (0:5) a wand of magic missile (0:5) a wand of make invisible (0:3) a wand of polymorph (0:7) a wand of polymorph (0:2) a wand of probing (0:7) a wand of speed monster (0:6) a wand of striking (0:1) a wand of striking (0:3) a wand of striking (0:5) a wand of striking (0:4) a wand of striking (0:3) a wand of striking (0:6) a wand of undead turning (0:4) a wand of wishing (1:0) an uncursed wooden flute a can of grease (0:14) an uncursed fluorite stone an uncursed emerald Contents of the sack: a wand of cancellation (0:2) Ted the Caveman's attributes: Background: You were a Roamer, a level 20 dwarven Caveman. You were lawful, on a mission for Anu who was opposed by Ishtar (neutral) and Anshar (chaotic). You were right-handed. You were in the endgame, on the Astral Plane. You entered the dungeon 49779 turns ago. You had 5132066 experience points, 4867934 more were needed for level 21. Your score was 1607640 before end-of-game adjustments. Basics: You had 0 out of 394 hit points. You had all 26 energy points (spell power). Your armor class was -31. Your wallet was empty, but you had 6846 zorkmids stashed away in your pack. Autopickup was off. Final Characteristics: Your strength was 25 (base:18/71, innate limit:18/100). Your dexterity was 19 (limit:20). Your constitution was 20 (limit:20). Your intelligence was 18 (base:14, innate limit:16). Your wisdom was 20 (base:16, innate limit:16). Your charisma was 12 (limit:16). Final Status: You were flying. You were terminally sick from illness. You weren't hungry. You were unencumbered. You were wielding a saber. You had basic skill with saber. Final Attributes: You were the Hand of Elbereth. You were piously aligned. You were magic-protected. You were fire resistant. You were cold resistant. You were sleep resistant. You were disintegration resistant. You were shock resistant. Your items were protected from electric shocks. You were poison resistant. You resisted hallucinations. You saw invisible. You were telepathic. You were warned. You had infravision. You were invisible to others. You were stealthy. You regenerated. You had a moderate defense bonus (+8). You were warded. You were very fast. You had reflection. You were extremely lucky. You had extra luck. Bad luck did not time out for you. Good luck did not time out for you. You are dead. Miscellaneous: You never encountered a bones level. Total elapsed playing time was 20 hours, 24 minutes and 47 seconds. Major events: Turn 1: Ted the lawful dwarven Caveman entered the dungeon 493: entered the Gnomish Mines 637: reached Mine Town 855: attained the rank of Aborigine (level 3) 1755: was bestowed with Grayswandir by Anu 4561: attained the rank of Wanderer (level 6) 4686: made his first wish - "blessed greased fixed +2 gray dragon scale mail", got "a greased gray dragon scale mail" 7273: entered Sokoban 7501: completed 1st Sokoban level 8231: completed 2nd Sokoban level 8628: completed 3rd Sokoban level 10362: attained the rank of Vagrant (level 10) 12199: performed his first genocide (water nymphs) 22232: completed 4th Sokoban level 22367: acquired the Sokoban amulet of reflection 22418: attained the rank of Wayfarer (level 14) 25401: killed Medusa 25904: wished for "2 blessed scrolls of charging", got "a scroll labeled XOR OTA" 25940: wished for "blessed magic marker", got "a magic marker" 25946: wished for "blessed bag of holding", got "a bag" 26755: wished for "blessed amulet of flying", got "a pyramidal amulet" 27768: wished for "blessed greased fixed +2 shield of reflection", got "a greased polished silver shield" 27770: wished for "blessed greased fixed +2 speed boots", got "a greased pair of combat boots" 30857: was crowned "The Hand of Elbereth" by Anu 32383: genocided class L 33110: killed the Chromatic Dragon 33113: acquired the Bell of Opening 33199: found the Sceptre of Might on the floor 34985: entered Gehennom 36099: killed Geryon 36445: killed Asmodeus 36466: killed Juiblex 38306: killed Orcus 38670: destroyed Vlad the Impaler 38672: acquired the Candelabrum of Invocation 42829: attained the rank of Roamer (level 18) 45543: killed the Wizard of Yendor 45549: acquired the Book of the Dead 45739: performed the invocation 46500: killed the high priestess of Moloch 46508: acquired The Amulet of Yendor 47551: bribed Baalzebub with 246 zorkmids for safe passage 47903: killed Yeenoghu 48687: killed the Wizard of Yendor (2nd time) 49026: killed the Wizard of Yendor (3rd time) 49494: entered the Elemental Planes 49494: entered Plane of Earth 49495: killed the Wizard of Yendor (5th time) 49547: entered Plane of Air 49584: entered Plane of Fire 49614: entered Plane of Water 49617: genocided class ; 49730: entered the Astral Plane 49746: killed Pestilence 49779: killed by Pestilence Vanquished creatures: Asmodeus Geryon Orcus Yeenoghu 3 erinyes Juiblex the Wizard of Yendor (5 times) Pestilence Vlad the Impaler an arch-lich a high cleric 4 mastodons Medusa 16 krakens 13 iron golems 5 storm giants 2 glass golems 9 balrogs the Chromatic Dragon 9 purple worms 2 gold dragons 3 silver dragons 7 red dragons 4 white dragons 9 orange dragons 8 black dragons 4 blue dragons 5 green dragons 4 yellow dragons 39 minotaurs 3 jabberwocks 3 baluchitheria 2 Angels 6 stone golems 7 master mind flayers 8 Olog-hai 7 pit fiends 3 sandestins 4 hell hounds a displacer beast a titanothere 10 trappers 2 baby red dragons 4 guardian nagas 5 genetic engineers 8 disenchanters 33 vampire leaders 5 skeletons 10 aligned clerics 4 captains 6 shades 3 liches 3 clay golems 7 nurses 15 ice devils 12 nalfeshnees 3 lurkers above 2 frost giants 6 ettins a golden naga 12 black puddings 29 vampires 7 lieutenants 37 ghosts a cleric 4 queen bees 5 winged gargoyles 6 mind flayers 8 giant mimics 9 long worms 8 zruties 6 fire giants 11 ogre tyrants 7 ice trolls 5 rock trolls 8 umber hulks 12 flesh golems 3 elven monarchs 3 doppelgangers 13 hezrous 18 bone devils 5 large mimics 2 wumpuses 16 fire vortices a couatl 18 stalkers 6 air elementals 17 fire elementals 13 earth elementals 12 water elementals 25 hill giants 7 giant mummies 13 xorns 18 giant zombies 12 elf-nobles 7 sergeants a water demon 5 barbed devils 12 vrocks 5 salamanders 17 wargs 3 winter wolves 6 hell hound pups 17 small mimics 3 glass piercers 4 warhorses 4 steam vortices 13 xans 8 ettin mummies 10 ogre leaders 17 quantum mechanics 10 trolls 2 wood golems 15 mariliths 2 djinn 8 sharks 14 electric eels 13 gelatinous cubes 6 pyrolisks 4 large dogs 4 freezing spheres 5 flaming spheres 5 shocking spheres 12 tigers 5 gargoyles a dwarf ruler a tengu 9 ochre jellies 14 leocrottas 4 energy vortices 6 mountain centaurs 4 stone giants 6 elf mummies 6 human mummies 7 red nagas 9 green slimes 5 pythons 5 pit vipers 6 cobras 55 wraiths 6 carnivorous apes 16 ettin zombies 3 leather golems 15 Grey-elves 48 soldiers 16 amorous demons 14 horned devils 7 chameleons 77 giant beetles 4 quivering blobs 24 cockatrices 6 wolves 6 winter wolf cubs 2 lynxes 6 panthers 14 gremlins 2 spotted jellies 11 leprechauns 3 orc-captains 3 iron piercers 6 mumakil 18 giant spiders 8 scorpions 5 horses 6 ice vortices 12 black lights 11 vampire bats 7 forest centaurs 3 gnome rulers an orc mummy 6 dwarf mummies 3 ogres 2 brown puddings 2 rust monsters 11 owlbears 6 yetis 3 gold golems a werewolf 9 Green-elves 6 piranha 16 giant eels 11 lizards 7 chickatrices 8 dingoes 2 housecats 6 jaguars a dwarf leader 5 blue jellies a white unicorn 4 gray unicorns 2 black unicorns 8 dust vortices 9 ravens a plains centaur 5 gnome mummies 8 snakes 4 water moccasins 7 apes 27 human zombies 7 Woodland-elves 53 soldier ants 44 fire ants 70 bugbears 6 lemures 10 quasits 4 wood nymphs 3 water nymphs 3 mountain nymphs 27 Mordor orcs 4 Uruk-hai an orc shaman 3 rock piercers 11 rock moles 4 ponies 23 fog clouds 11 yellow lights 4 shriekers 2 violet fungi 3 gnome leaders 7 kobold mummies a red naga hatchling a black naga hatchling a guardian naga hatchling 7 gray oozes 5 barrow wights 15 elf zombies 18 ghouls a straw golem 2 paper golems 8 jellyfish a baby crocodile 65 giant ants 3 little dogs 13 floating eyes 3 kittens 4 dwarves 9 homunculi 2 kobold leaders 3 kobold shamans 36 hill orcs 16 rothes 3 rabid rats a centipede 4 giant bats a monkey 14 orc zombies 18 dwarf zombies 2 werejackals 17 iguanas 103 killer bees 8 acid blobs 5 gas spores 3 hobbits 21 manes 3 large kobolds 12 hobgoblins 6 giant rats 4 cave spiders 2 yellow molds a green mold 2 red molds 10 gnomes 19 gnome zombies 12 geckos 10 jackals 4 foxes 3 kobolds 7 goblins 9 grid bugs 6 bats 11 lichens 21 kobold zombies 12 newts 2507 creatures vanquished. Genocided or extinct species: erinyes (extinct) arch-liches krakens master liches demiliches liches sharks electric eels piranha giant eels water nymphs jellyfish killer bees (extinct) 11 species genocided. 2 species extinct. Voluntary challenges: You read items or engraved 127 times. You never engraved Elbereth. You genocided 11 types of monsters. You used 7 wishes. You did not wish for any artifacts. You violated the special Sokoban rules 8 times. Achievements: You entered the Gnomish Mines. You entered Minetown. You entered a shop. You entered a temple. You attained the rank of Aborigine. You attained the rank of Wanderer. You entered Sokoban. You attained the rank of Vagrant. You completed Sokoban. You attained the rank of Wayfarer. You defeated Medusa. You learned the tune to open and close the Castle's drawbridge. You handled the Bell of Opening. You entered Gehennom. You handled the Candelabrum of Invocation. You attained the rank of Roamer. You handled the Book of the Dead. You gained access to Moloch's Sanctum. You had the Amulet of Yendor. You reached the Elemental Planes. You reached the Astral Plane. The Elemental Planes: Astral Plane: <- You were here. Final resting place for you, killed by Pestilence. Plane of Water: Plane of Fire: Plane of Air: Plane of Earth: The Dungeons of Doom: levels 1 to 26 Level 1: A sink. One way stairs up to The Elemental Planes. Level 2: Stairs down to The Gnomish Mines. Level 3: A fountain. Level 4: A fountain. Level 5: Many fountains. Level 6: A fountain, a sink. Stairs up to Sokoban, level 5. Level 7: Many fountains. Level 8: A grave. Level 9: Level 10: Level 11: Level 12: A fountain. Summoned by Shaman Karnov. Portal to The Quest. Level 13: Level 14: Some fountains. Level 15: A primitive area. Level 16: Level 17: Level 18: A fountain. Level 19: Level 20: Many graves. Level 21: A fountain, a grave. Level 22: Level 23: Level 24: Level 25: Level 26: A fountain. Gehennom: levels 27 to 49 Level 27: A temple and an altar, many graves. Valley of the Dead. Level 28: Level 29: Level 30: Level 31: Many fountains. Level 32: Level 33: Level 34: Level 35: Level 36: An altar, many graves. Level 37: A temple and an altar. Stairs up to Vlad's Tower, level 36. Level 38: Level 39: Level 40: Level 41: Level 42: Level 43: Level 44: Level 45: Level 46: Level 47: Level 48: Level 49: A temple and an altar, many graves. Moloch's Sanctum. The Gnomish Mines: levels 3 to 11 Level 3: Level 4: Level 5: A temple and an altar to Anu, many fountains. Level 6: Level 7: Level 8: Level 9: Level 10: Level 11: Some fountains. The Quest: levels 1 to 6 Level 1: A temple and an altar to Anu. Given quest by Shaman Karnov. Level 2: Level 3: Level 4: Level 5: Level 6: Sokoban: levels 5 up to 2 Level 2: Solved. Level 3: Solved. Level 4: Solved. Level 5: Solved. Vlad's Tower: levels 36 up to 34 Level 34: Level 35: Level 36: Game over: ---------- / \ / REST \ / IN \ / PEACE \ / \ | Ted | | 6846 Au | | killed by | | Pestilence | | | | | | 2024 | *| * * * | * _________)/\\_//(\/(/\)/\//\/|_)_______ Goodbye Ted the Caveman... You died in The Astral Plane with 1606956 points, and 6846 pieces of gold, after 49779 moves. You were level 20 with a maximum of 394 hit points when you died.